Match 46796056
Unlisted

Match 46796056
End
Vickers Machine Gun Team
Construct Section Command Post
Selects Australian Defense Battlegroup
Selects Australian Light Infantry Section
Australian Light Infantry Section
ML 3-inch Mortar Team
Infantry Section
Construct Platoon Command Post
Selects Defensive Tactics
Unlock Bishop Self-propelled Artillery
6-pounder Anti-tank Gun Team
Selects CMP 15cwt Supply Run
CMP 15cwt Supply Run
Infantry Training
Bishop Self-propelled Artillery
Selects Reinforced Resource Caches
Bishop Self-propelled Artillery
Royal Engineer Section
Construct Field Infirmary
Selects Charged Creeping Barrage
CMP 15cwt Truck
-AL- Nimahfrosch
aSIIDemolitionHammer
Captain Feather Sword
MuhKuh
0
0

Comments sign in to comment!

No comments posted yet!